 Dungeon Crawl Stone Soup version 0.17.2-1-ge4368a0 (webtiles) character file.

8355 Goblin1989 the Fighter (level 11, -1/144 HPs)
             Began as a Demonspawn Fighter on Sept 8, 2016.
             Was an Initiate of Gozag.
             Killed from afar by a raiju (17 damage)
             ... with a living lightning
             ... on level 1 of the Abyss.
             The game lasted 00:43:08 (8567 turns).

Goblin1989 the Fighter (Demonspawn Fighter)         Turns: 8567, Time: 00:43:09

Health: -1/144     AC: 17    Str: 25      XL:     11   Next: 8%
Magic:  11/11      EV:  5    Int: 10      God:    Gozag
Gold:   282        SH: 10    Dex:  7 (10) Spells: 0 memorised, 10 levels left

rFire  . . .     SeeInvis +     a - +0 flail
rCold  . . .     Clarity  +     u - +0 chain mail
rNeg   . . .     SustAt   .     c - +1 shield
rPois  .         Gourm    .     (helmet restricted)
rElec  .         Spirit   .     s - +0 cloak
rCorr  .         Warding  .     (no gloves)
rMut   .         Stasis   .     (no boots)
MR     .....                    q - amulet of clarity
Stlth  ..........               (no ring)
                                y - ring of see invisible

@: berserking, very quick, not resistant to hostile enchantments, extremely
unstealthy
A: antennae 2, rough black scales 2, powered by death 2, rot immunity
a: Potion Petition, Call Merchant, Bribe Branch, Renounce Religion


You were on level 1 of the Abyss.
You worshipped Gozag.
Gozag was noncommittal.
You were not hungry.

You visited 1 branch of the dungeon, and saw 11 of its levels.
You visited the Abyss 1 time.
You also visited: Ossuary.

You collected 2169 gold pieces.
You spent 17 gold pieces at shops.
You paid 1870 gold pieces to Gozag.

Inventory:

Hand Weapons
 a - a +0 flail (weapon)
Missiles
 F - a throwing net (quivered)
Armour
 c - a +1 shield (worn)
 s - a +0 cloak (worn)
 u - a +0 chain mail (worn)
Jewellery
 q - an amulet of clarity (around neck)
 y - a ring of see invisible (left hand)
Wands
 g - a wand of disintegration (9)
 j - a wand of magic darts (24)
 n - a wand of digging (22)
 r - a wand of magic darts (12)
 E - a wand of paralysis (7)
Scrolls
 b - 2 scrolls of recharging
 d - 4 scrolls of teleportation
 f - 3 scrolls of enchant armour
 k - a scroll of fear {unknown}
 l - 2 scrolls of amnesia
 o - a scroll of fog
 p - a scroll of identify
 t - 2 scrolls of noise
 w - a scroll of random uselessness {unknown}
 z - a scroll of summoning {unknown}
 H - a scroll of magic mapping
Potions
 i - 2 potions of curing
 v - 3 potions of cure mutation
 x - a potion of resistance
 A - a potion of lignification
 B - a potion of berserk rage
Comestibles
 e - 9 bread rations
 h - 8 slices of pizza
 m - 2 meat rations
 C - 5 beef jerkies


   Skills:
 - Level 12.4 Fighting
 * Level 10.9 Maces & Flails
 + Level 3.1 Armour
 + Level 3.1 Shields


You had 10 spell levels left.
You didn't know any spells.

Dungeon Overview and Level Annotations

Branches:
Dungeon (11/15)
 Temple: D:4-7         Lair: D:8-11         Orc: D:9-12

Altars:
Cheibriados
Elyvilon
Fedhas
Gozag
Makhleb
Qazlal
Sif Muna
Trog
Vehumet
The Shining One

Shops:
D:6 (   D:8 *   D:9 *

Annotations:
D:4 DEFE's ghost, amateur MfFi
D:7 exclusions: oklob sapling and statue


Innate Abilities, Weirdness & Mutations

You have a pair of antennae on your head.
You are mostly covered in rough black scales (AC +7, Dex -2).
You regenerate health from kills.
You are immune to rotting.


Message History

* * * LOW HITPOINT WARNING * * *
The raiju blinks!
You now have 23/144 hp.
You feel a strong urge to attack something.
The ancient zyme hits you but does no damage. x2
You see here 6 gold pieces.
You hit the ancient zyme.
The ancient zyme is lightly damaged.
You sock the ancient zyme!
The ancient zyme is heavily damaged.
The ancient zyme hits you!
* * * LOW HITPOINT WARNING * * *
The ancient zyme hits you but does no damage.
You take 9 damage, and have 15/144 hp.
You hit the ancient zyme.
The ancient zyme is severely damaged.
The raiju bursts into living lightning!
The living lightning hits you!
You die...
Your body crumbles into a pile of gold.

. # § .
X.# .# ..
. # #.
{(## #..#.
..## # #
#...##$# .
## .#
#.@###...#
# . .
.#x#.#...
# #.###.#
. . #..#
#... .
#....#
##.h# . .
...#. h
###...
.###.## #
#.##..# .
#.# .### .
..


You could see an ancient zyme and a raiju.

Vanquished Creatures
  A hydra (D:11)
  Harold (D:11)
  An ugly thing (D:11)
  The ghost of Goblin1989 the Covert, a novice VSAs of Dithmenos (D:9)
  A manticore (D:11)
  Grinder (D:3)
  2 wyverns (D:11)
  2 yaks (D:11)
  Sigmund (D:2)
  A large abomination (Abyss:1)
  A human (D:7)
  3 hippogriffs
  A hog (D:7)
  4 orc warriors
  3 ice beasts
  5 sky beasts
  4 ogres
  4 centaurs
  3 giant frogs
  A killer bee (D:6)
  2 scorpions
  2 centaur zombies (D:8)
  2 crimson imps
  A giant frog zombie (D:5)
  6 hounds
  3 jellies
  Crazy Yiuf (D:6)
  12 orc priests
  Ijyb (D:3)
  A quasit (Abyss:1)
  12 orc wizards
  4 iguanas
  2 worker ants
  3 sheep (D:7)
  A hound skeleton (D:7)
  8 mummies (Ossuary)
  17 gnolls
  10 adders
  2 shadow imps
  An adder skeleton (D:7)
  3 adder zombies (D:6)
  3 worms
  5 giant geckos
  28 orcs
  14 bats
  3 giant cockroaches
  2 hobgoblins
  11 kobolds
  6 quokkas
  A ball python (D:2)
  A giant cockroach zombie (D:5)
  A giant gecko skeleton (D:5)
  A giant gecko zombie (D:8)
  6 giant newts
  9 goblins
  3 hobgoblin zombies (Ossuary)
  10 jackals
  2 kobold zombies (Ossuary)
  3 orc zombies (Ossuary)
  2 quokka skeletons
  8 rats
254 creatures vanquished.

Vanquished Creatures (others)
  3 plants (D:7)
3 creatures vanquished.

Grand Total: 257 creatures vanquished

Notes
Turn   | Place    | Note
--------------------------------------------------------------
     0 | D:1      | Goblin1989 the Demonspawn Fighter began the quest for the Orb.
     0 | D:1      | Reached XP level 1. HP: 18/18 MP: 1/1
   268 | D:1      | Gained mutation: You are partially covered in rough black scales (AC +4, Dex -1). [demonic ancestry]
   268 | D:1      | Reached XP level 2. HP: 24/24 MP: 2/2
   705 | D:1      | Gained mutation: You have a pair of small antennae on your head. [demonic ancestry]
   705 | D:1      | Reached XP level 3. HP: 29/29 MP: 3/3
  1240 | D:2      | Noticed Sigmund
  1249 | D:2      | Killed Sigmund
  1249 | D:2      | Reached skill level 5 in Maces & Flails
  1249 | D:2      | Gained mutation: You have a pair of antennae on your head. [demonic ancestry]
  1249 | D:2      | Reached XP level 4. HP: 9/35 MP: 4/4
  1249 | D:2      | Gained mutation: You regenerate a little health from kills. [demonic ancestry]
  1249 | D:2      | Reached XP level 5. HP: 10/41 MP: 5/5
  1388 | D:2      | Found a burning altar of Makhleb.
  1389 | D:2      | Found an opulent altar of Gozag.
  1396 | D:2      | Became a worshipper of Gozag Ym Sagoz the Greedy
  1480 | D:2      | Found a glowing golden altar of the Shining One.
  1784 | D:2      | Noticed an ogre
  1989 | D:3      | Noticed Ijyb
  1999 | D:3      | Killed Ijyb
  1999 | D:3      | Reached XP level 6. HP: 44/47 MP: 6/6
  2008 | D:3      | Found a faded altar to an unknown god.
  2023 | D:3      | Noticed Grinder
  2028 | D:3      | Gained mutation: You are agile. (Dex +2) [potion of mutation]
  2028 | D:3      | Lost mutation: You are agile. (Dex +2) [potion of mutation]
  2028 | D:3      | Gained mutation: You possess an exceptional clarity of mind. [potion of mutation]
  2054 | D:3      | Killed Grinder
  2054 | D:3      | Reached skill level 6 in Maces & Flails
  2162 | D:3      | Found a blossoming altar of Fedhas.
  2198 | D:3      | Reached skill level 7 in Maces & Flails
  2198 | D:3      | Reached XP level 7. HP: 46/52 MP: 7/7
  3313 | D:4      | Reached skill level 8 in Maces & Flails
  3315 | D:4      | Noticed DEFE's ghost (amateur MfFi)
  3318 | D:4      | Lost mutation: You possess an exceptional clarity of mind. [potion of cure mutation]
  3728 | D:5      | Entered Level 5 of the Dungeon
  3843 | D:5      | Found a white marble altar of Elyvilon.
  3910 | D:5      | Gained mutation: You regenerate health from kills. [demonic ancestry]
  3910 | D:5      | Reached XP level 8. HP: 58/58 MP: 8/8
  4011 | D:5      | Reached skill level 9 in Maces & Flails
  4329 | D:5      | Found a stormy altar of Qazlal.
  4675 | D:6      | Reached skill level 10 in Maces & Flails
  4689 | D:6      | Found a sand-covered staircase.
  4694 | Ossuary  | Entered an ossuary
  5322 | D:6      | Noticed Crazy Yiuf
  5328 | D:6      | Killed Crazy Yiuf
  5366 | D:6      | Gained mutation: You are immune to rotting. [demonic ancestry]
  5366 | D:6      | Reached XP level 9. HP: 57/64 MP: 9/9
  5482 | D:6      | Found Lusotz's Weapon Shoppe.
  5703 | D:6      | Reached skill level 5 in Fighting
  6246 | D:7      | Found a radiant altar of Vehumet.
  6495 | D:7      | Found a bloodstained altar of Trog.
  6511 | D:7      | Found a radiant altar of Vehumet.
  6639 | D:7      | Found a snail-covered altar of Cheibriados.
  6899 | D:8      | Reached XP level 10. HP: 83/83 MP: 10/10
  6913 | D:8      | You fall through a shaft for 3 floors!
  7026 | D:11     | Noticed a manticore
  7056 | D:11     | Killed a manticore
  7060 | D:11     | Reached skill level 10 in Fighting
  7123 | D:11     | Noticed a four-headed hydra
  7152 | D:11     | Killed a four-headed hydra
  7152 | D:11     | Reached skill level 11 in Fighting
  7182 | D:11     | Found a deep blue altar of Sif Muna.
  7276 | D:11     | Noticed Harold
  7286 | D:11     | Soeti: мутации покажи
  7286 | D:11     | Soeti: первая мутация какая была?
  7286 | D:11     | dankmaymays: net him
  7286 | D:11     | Soeti: И вторая
  7286 | D:11     | Goblin1989: чешуя
  7286 | D:11     | Goblin1989: пвд
  7286 | D:11     | Soeti: Это не транк?
  7286 | D:11     | Goblin1989: не
  7286 | D:11     | Goblin1989: 0
  7286 | D:11     | Goblin1989: 0,17
  7305 | D:11     | Killed Harold
  7321 | D:11     | Soeti: Я вчера проспамил транк за дс. Нихуя не попал на реген. Такое ощущение, что его выпилили
  7325 | D:11     | Goblin1989: не должны
  7325 | D:11     | Goblin1989: но он слабее стал намного
  7500 | D:11     | Noticed a purple ugly thing
  7521 | D:11     | Killed a purple ugly thing
  7521 | D:11     | Reached skill level 12 in Fighting
  7699 | D:11     | Soeti: Там новую мутацию ввели. ПРи прилете приличного дмга AC возрастает
  7701 | D:11     | Goblin1989: блуд-то?
  7701 | D:11     | Soeti: Ага
  7701 | D:11     | Goblin1989: знаю
  7701 | D:11     | Goblin1989: я потом поиграю в 0.19
  7701 | D:11     | Goblin1989: когда ее стабильной сделают
  7932 | D:11     | Soeti: Мне кажется, тебе настройки поправить нужно - сделать варнинг на 70
  7936 | D:11     | Noticed a hill giant
  7940 | D:11     | Goblin1989: не
  7940 | D:11     | Goblin1989: тогда табать вообще невозможно будет
  7944 | D:11     | Goblin1989: опа!
  7944 | D:11     | Soeti: Да сьебывай.
  7949 | D:10     | Entered Level 10 of the Dungeon
  7967 | D:9      | Noticed Goblin1989's ghost (novice VSAs)
  7969 | D:9      | Found Pelelad's General Store.
  7984 | D:8      | Soeti: А че за проход такой?
  7984 | D:8      | Soeti: У тебя 100500 данжей не зачищено
  7984 | D:8      | Goblin1989: я на три этажа шмякнулся
  8100 | D:8      | Found Jywkorar's General Store.
  8183 | D:8      | Goblin1989: у меня у смарта вендроид слетел вчере вечером :(
  8183 | D:8      | Goblin1989: все утро сижу изучаю как исправить
  8270 | D:8      | Soeti: На десктопе играй
  8270 | D:8      | Gained mutation: You are mostly covered in rough black scales (AC +7, Dex -2). [demonic ancestry]
  8270 | D:8      | Reached XP level 11. HP: 85/96 MP: 11/11
  8271 | D:8      | Goblin1989: так мне звонить ведь надо
  8271 | D:8      | Goblin1989: я на смарте и не играл ни разу
  8412 | D:9      | Killed Goblin1989's ghost
  8427 | D:9      | Bought a scroll of noise for 17 gold pieces
  8469 | D:9      | Soeti: вали его
  8469 | D:9      | Cast into the Abyss (gnoll sergeant)
  8470 | Abyss:1  | Found a corrupted altar of Lugonu.
  8493 | Abyss:1  | Soeti: От это засада. Пизда тебе
  8544 | Abyss:1  | HP: 3/96 [raiju/living lightning (16)]
  8553 | Abyss:1  | HP: 4/96 [quasit (1)]
  8562 | Abyss:1  | HP: 2/96 [raiju (8)]
  8563 | Abyss:1  | Soeti: да сьебывал бы уже
  8567 | Abyss:1  | Killed from afar by a raiju

Action                   |  1- 3 |  4- 6 |  7- 9 | 10-12 || total
-------------------------+-------+-------+-------+-------++-------
Melee: Flail             |   139 |   114 |   769 |   315 ||  1337
Throw: Throwing net      |       |       |       |     3 ||     3
Invok: Potion Petition   |       |     1 |       |     5 ||     6
Evoke: Wand              |       |       |     3 |       ||     3
  Use: Potion            |       |     6 |     2 |     4 ||    12
       Scroll            |       |       |    16 |     1 ||    17
 Stab: Distracted        |       |       |     4 |     3 ||     7
  Eat: Chunk             |     1 |       |       |       ||     1
       Bread ration      |       |     1 |       |       ||     1
       Meat ration       |       |       |     3 |     1 ||     4
       Royal jelly       |       |       |     1 |       ||     1
       Fruit             |       |       |     3 |     1 ||     4
